 Dungeon Crawl Stone Soup version 0.26-a0-652-gafc20e3620 (webtiles) character file.

Game seed: 9911170417185857914

50738 miket3c the Severer (level 14, -1/127 HPs)
             Began as a Minotaur Fighter on Oct 4, 2020.
             Was the Champion of Makhleb.
             Slain by a six-headed hydra (11 damage)
             ... on level 6 of the Lair of Beasts.
             The game lasted 00:54:48 (16930 turns).

miket3c the Severer (Minotaur Fighter)             Turns: 16930, Time: 00:54:49

Health: -1/127     AC:  6    Str: 26    XL:     14   Next: 20%
Magic:  0/13       EV:  8    Int:  6    God:    Makhleb [******]
Gold:   934        SH: 13    Dex: 10    Spells: 13/13 levels left

rFire    + . .     SeeInvis .   C - +6 war axe
rCold    . . .     Faith    .   c - +0 kite shield
rNeg     . . .     Spirit   +   N - +2 plate armour
rPois    .         Reflect  .   w - +1 hat {Int+3}
rElec    .         Harm     .   (no cloak)
rCorr    .         Rampage  +   (no gloves)
MR       +....                  P - +2 pair of boots {rampage}
Stlth    ..........             Y - amulet of guardian spirit
HPRegen  0.31/turn              W - ring of protection from fire
MPRegen  0.13/turn              y - +4 ring of slaying

@: corroded
A: retaliatory headbutt, horns 2, blurry vision 1, dopey 1
a: Minor Destruction, Lesser Servant of Makhleb, Major Destruction, Greater
Servant of Makhleb, Renounce Religion


You were on level 6 of the Lair of Beasts.
You worshipped Makhleb.
Makhleb was exalted by your worship.
You visited 2 branches of the dungeon, and saw 18 of its levels.
You visited the Abyss 1 time.

You collected 1170 gold pieces.
You spent 236 gold pieces at shops.

Inventory:

Hand Weapons
 a - a +0 broad axe
 C - a +6 war axe (weapon)
 H - a +4 dire flail of freezing
 I - a +0 battleaxe
Missiles
 g - 474 stones (quivered)
 k - 2 boomerangs
 n - 89 poisoned darts
 z - 10 curare-tipped darts
 K - 5 javelins
Armour
 c - a +0 kite shield (worn)
 w - a +1 hat of intelligence (worn)
 N - a +2 plate armour (worn)
 P - a +2 pair of boots of rampaging (worn)
Jewellery
 h - an uncursed ring of magical power
 q - an uncursed ring of protection from magic {unknown}
 y - a +4 ring of slaying (right hand)
 Q - an uncursed ring of resist corrosion
 T - an uncursed ring of see invisible
 U - a +6 ring of dexterity
 W - a ring of protection from fire (left hand)
 Y - an amulet of guardian spirit (around neck)
Wands
 D - a wand of digging (6)
 M - a wand of flame (8)
 S - a wand of iceblast (28)
 V - a wand of paralysis (9)
 X - a wand of disintegration (27)
 Z - a wand of enslavement (4)
Scrolls
 e - 3 scrolls of fear
 f - 5 scrolls of magic mapping
 i - 2 scrolls of teleportation
 o - 13 scrolls of identify
 r - 10 scrolls of remove curse
 u - a scroll of vulnerability {unknown}
 J - 6 scrolls of amnesia
Potions
 j - 2 potions of cancellation
 l - a potion of magic
 m - 2 potions of degeneration
 p - 5 potions of lignification
 s - a potion of ambrosia {unknown}
 t - 2 potions of stabbing {unknown}
 E - 2 potions of flight {unknown}
 G - a potion of brilliance {unknown}
 L - a potion of berserk rage {unknown}
 O - a potion of mutation {unknown}
 R - a potion of invisibility {unknown}


   Skills:
 + Level 12.9 Fighting
 * Level 19.6 Axes
 + Level 0.9(13.3) Maces & Flails
 + Level 2.0 Throwing
 + Level 12.1 Armour
 + Level 3.1 Dodging
 - Level 0.2 Stealth
 + Level 11.7 Shields


You had 13 spell levels left.
You didn't know any spells.
Your spell library contained the following spells:

 Spells                   Type           Power        Failure   Level
 Apportation              Tloc           #.....       99%         1
 Corona                   Hex            #......      99%         1
 Foxfire                  Conj/Fire      #...         99%         1
 Sandblast                Erth           #.....       99%         1
 Ensorcelled Hibernation  Hex/Ice        #.....       100%        2
 Passwall                 Tmut/Erth      #.......     100%        2
 Confusing Touch          Hex            #.......     100%        3
 Conjure Flame            Conj/Fire      #.......     100%        3
 Dazzling Flash           Conj/Hex       #.....       100%        3
 Inner Flame              Hex/Fire       #.......     100%        3
 Lesser Beckoning         Tloc           #.........   100%        3
 Stone Arrow              Conj/Erth      #.....       100%        3
 Tukima's Dance           Hex            #.......     100%        3
 Petrify                  Tmut/Erth      #.......     100%        4
 Sticky Flame             Conj/Fire      #.......     100%        4
 Alistair's Intoxication  Tmut/Pois      #........    100%        5
 Bolt of Magma            Conj/Fire/Erth #.........   100%        5
 Fireball                 Conj/Fire      #.........   100%        5
 Iskenderun's Battlesphe  Conj           #.......     100%        5
 Lee's Rapid Deconstruct  Erth           #.........   100%        5
 Invisibility             Hex            #.......     100%        6
 Iron Shot                Conj/Erth      #.........   100%        6
 Orb of Destruction       Conj           #.........   100%        7
 Spellforged Servitor     Conj/Summ      #.........   100%        7


Dungeon Overview and Level Annotations

Branches:
Dungeon (12/15)            Temple (0/1) D:5            Lair (6/6) D:9
 Shoals (0/4) Lair:4        Snake (0/4) Lair:4        Slime (0/5) Lair:5
    Orc (0/2) D:10

Altars:
Ashenzari
Cheibriados
Fedhas
Hepliaklqana
Kikubaaqudgha
Makhleb
Qazlal
Sif Muna
Wu Jian
Xom
Jiyva

Shops:
D:8 [   D:12 (

Annotations:
D:4 3 runed translucent doors, droidtality's ghost, amateur DDFi
D:9 Lair
D:10 Orc Mines
Lair:4 Shoals and Snake Pit
Lair:5 Slime Pits


Innate Abilities, Weirdness & Mutations

You reflexively headbutt those who attack you in melee.
You have a pair of horns on your head.
Scrolls take you a little longer to read.
You are dopey. (Int -2)


Message History

A cane toad comes into view.
The cane toad croaks.
A polar bear comes into view.
The polar bear growls angrily.
The komodo dragon barely misses you.
An elephant comes into view.
The elephant moves out of view.
Found 16 gold pieces.
An elephant comes into view.
You feel better.
The elephant trumpets!
The komodo dragon bites you!!
* * * LOW HITPOINT WARNING * * *
You block the six-headed hydra's attack.
The six-headed hydra bites you!
* * * LOW HITPOINT WARNING * * *
The six-headed hydra bites you.
* * * LOW HITPOINT WARNING * * *
The six-headed hydra bites you!
You die...

........##
###........#
#..........Y
.P..F..Y.#.
#.........#
#...h....##
#.........#
#..@l....#
#...D....#
#....F......
##.....k....
#........$.
#......^...
##.....#.#.
##.#.###.


You could see a six-headed hydra, 2 elephants, a polar bear, a komodo dragon, 2
cane toads and a rime drake.

Vanquished Creatures
  A lich (Abyss:1)
  Gastronok (Lair:1)
  A purple draconian (Abyss:1)
  Snorg (D:10)
  A hydra (Lair:6)
  2 two-headed ogres (D:11)
  A thrashing horror (Abyss:1)
  A spriggan (Lair:5)
  Sonja (Lair:5)
  Nergalle (D:10)
  2 sun demons (Abyss:1)
  2 glowing orange brains (Abyss:1)
  An ugly thing (D:11)
  A manticore (Lair:4)
  A smoke demon (Abyss:1)
  4 black mambas
  16 cane toads
  4 komodo dragons
  A tormentor (Abyss:1)
  3 rime drakes
  4 hellwings (Abyss:1)
  A red devil (Abyss:1)
  2 tyrant leeches (Lair:6)
  2 polar bears
  4 trolls
  Prince Ribbit (D:7)
  2 hornets
  2 large abominations (Abyss:1)
  23 blink frogs
  8 hippogriffs
  Sigmund (D:4)
  A wyvern (Lair:4)
  2 basilisks
  21 yaks
  A fire elemental (Lair:1)
  2 neqoxecs (Abyss:1)
  A steam dragon (D:9)
  6 vampire mosquitoes (Lair:6)
  Menkaure (D:7)
  11 soldier ants (Lair:6)
  An acid dragon (D:11)
  5 nagas (Lair:4)
  11 water moccasins
  7 porcupines
  A black bear (shapeshifter) (Abyss:1)
  2 black bears
  2 eyes of draining (D:11)
  A phantom (D:5)
  6 orc warriors
  4 boggarts (D:11)
  8 centaurs
  42 wolves
  9 ogres
  A necrophage (D:7)
  5 crocodiles
  7 big kobolds
  30 bullfrogs
  2 gnoll sergeants (D:10)
  A wyvern skeleton (D:11)
  2 scorpions
  9 killer bees
  8 wights
  2 howler monkeys
  6 electric eels
  A lava snake (Lair:1)
  2 bullfrog zombies
  2 jellies
  A bullfrog skeleton (D:11)
  7 orc priests
  7 hounds
  11 orc wizards
  2 centaur skeletons
  3 iguanas
  14 worker ants
  Terence (D:2)
  A hound skeleton (D:5)
  2 worker ant zombies
  Robin (D:2)
  8 gnolls
  8 adders
  A shadow imp (D:5)
  6 white imps
  An ufetubus (D:5)
  An adder zombie (D:6)
  4 worms (D:2)
  A dart slug (D:1)
  8 leopard geckos
  36 orcs
  2 giant cockroaches
  15 goblins
  12 hobgoblins
  14 jackals
  25 kobolds
  2 quokkas (D:4)
  A ball python (D:7)
  6 bats
  3 frilled lizards (D:2)
  A leopard gecko skeleton (D:4)
  A quokka zombie (D:8)
  4 rats
529 creatures vanquished.

Vanquished Creatures (collateral kills)
  2 yaks (D:10)
2 creatures vanquished.

Vanquished Creatures (others)
  A kobold (D:9)
  22 fungi
  103 plants
126 creatures vanquished.

Grand Total: 657 creatures vanquished

Notes
Turn   | Place    | Note
-------+----------+-------------------------------------------
     0 | D:1      | miket3c the Minotaur Fighter began the quest for the Orb.
     0 | D:1      | Reached XP level 1. HP: 19/19 MP: 0/0
   288 | D:1      | Reached XP level 2. HP: 24/27 MP: 1/1
   904 | D:2      | Noticed Terence
   912 | D:2      | Killed Terence
   912 | D:2      | Reached XP level 3. HP: 34/34 MP: 2/2
   993 | D:2      | Reached XP level 4. HP: 41/41 MP: 3/3
  1014 | D:2      | Reached skill level 3 in Axes
  1109 | D:2      | Noticed Robin
  1119 | D:2      | Killed Robin
  1119 | D:2      | Reached skill level 4 in Axes
  1349 | D:2      | Reached XP level 5. HP: 37/47 MP: 4/4
  2307 | D:3      | Found a hazy altar of Hepliaklqana.
  2307 | D:3      | Found a burning altar of Makhleb.
  2312 | D:3      | Found a stormy altar of Qazlal.
  2314 | D:3      | Found a snail-covered altar of Cheibriados.
  2316 | D:3      | Found an ancient bone altar of Kikubaaqudgha.
  2626 | D:3      | Became a worshipper of Makhleb the Destroyer
  2690 | D:4      | Found a runed translucent gate.
  2690 | D:4      | Found a runed translucent gate.
  2690 | D:4      | Found a runed translucent gate.
  2691 | D:4      | Noticed a black bear
  2694 | D:4      | Noticed an ogre
  2700 | D:4      | Noticed droidtality's ghost (amateur DDFi)
  2745 | D:4      | Reached skill level 5 in Fighting
  2765 | D:4      | Noticed Sigmund
  2780 | D:4      | Killed Sigmund
  2780 | D:4      | Reached skill level 5 in Axes
  2780 | D:4      | Reached XP level 6. HP: 44/56 MP: 5/5
  2974 | D:4      | Reached skill level 6 in Axes
  2974 | D:4      | Reached skill level 5 in Armour
  2974 | D:4      | Reached skill level 1 in Dodging
  2975 | D:4      | Reached skill level 5 in Shields
  3348 | D:4      | Reached XP level 7. HP: 56/61 MP: 6/6
  3702 | D:4      | Found a shimmering blue altar of Sif Muna.
  3803 | D:5      | Entered Level 5 of the Dungeon
  3898 | D:5      | Reached skill level 7 in Axes
  4030 | D:5      | Reached * piety under Makhleb
  4278 | D:5      | Reached skill level 8 in Axes
  4379 | D:5      | Reached XP level 8. HP: 69/69 MP: 7/7
  4552 | D:5      | Found a staircase to the Ecumenical Temple.
  5187 | D:6      | Reached skill level 9 in Axes
  5401 | D:6      | Found a shimmering altar of Xom.
  5401 | D:6      | Found a shimmering altar of Xom.
  5527 | D:6      | Found a shimmering altar of Xom.
  5531 | D:6      | Found a shimmering altar of Xom.
  5532 | D:6      | Found a shimmering altar of Xom.
  5533 | D:6      | Found a shimmering altar of Xom.
  5644 | D:6      | Found an ornate altar of the Wu Jian Council.
  5776 | D:7      | Reached skill level 10 in Axes
  5948 | D:7      | Noticed Prince Ribbit
  5955 | D:7      | Killed Prince Ribbit
  5955 | D:7      | Reached XP level 9. HP: 61/75 MP: 8/8
  6053 | D:7      | Noticed Menkaure
  6293 | D:7      | Killed Menkaure
  6341 | D:7      | Reached ** piety under Makhleb
  6740 | D:7      | Reached skill level 11 in Axes
  7190 | D:8      | Reached *** piety under Makhleb
  7198 | D:8      | Reached skill level 12 in Axes
  7515 | D:8      | Found Caudo's Armour Emporium.
  7521 | D:8      | Bought a +2 pair of boots of rampaging for 236 gold pieces
  7661 | D:9      | Reached XP level 10. HP: 81/84 MP: 9/9
  7797 | D:9      | Found a blossoming altar of Fedhas.
  7808 | D:9      | Reached **** piety under Makhleb
  7871 | D:9      | Reached skill level 13 in Axes
  8214 | D:9      | Found a staircase to the Lair.
  8373 | D:9      | Found a broken altar of Ashenzari.
  8427 | D:10     | Entered Level 10 of the Dungeon
  8429 | D:10     | You fall into a shaft and drop 1 floor!
  8470 | D:11     | Noticed a two-headed ogre
  8487 | D:11     | Killed a two-headed ogre
  8547 | D:11     | Noticed a white ugly thing
  8554 | D:11     | HP: 1/86 [white ugly thing (24)]
  8562 | D:11     | Killed a white ugly thing
  8562 | D:11     | Reached skill level 14 in Axes
  9002 | D:10     | Noticed Nergalle
  9003 | D:10     | Noticed Snorg
  9008 | D:10     | Reached XP level 11. HP: 94/94 MP: 10/10
  9009 | D:10     | Killed Nergalle
  9019 | D:10     | Killed Snorg
  9019 | D:10     | Reached skill level 15 in Axes
  9142 | D:10     | Found a staircase to the Orcish Mines.
  9161 | D:10     | Reached ***** piety under Makhleb
  9598 | D:11     | Noticed a two-headed ogre
  9606 | D:11     | Killed a two-headed ogre
  9606 | D:11     | Reached skill level 16 in Axes
  9994 | D:12     | Found Ipeorgh's Weapon Shoppe.
 10119 | Lair:1   | Entered Level 1 of the Lair of Beasts
 10444 | Lair:1   | Reached XP level 12. HP: 104/104 MP: 11/11
 10632 | Lair:1   | Noticed Gastronok
 10649 | Lair:1   | Killed Gastronok
 10649 | Lair:1   | Reached skill level 17 in Axes
 10649 | Lair:1   | Reached skill level 10 in Armour
 11238 | Lair:2   | Reached skill level 10 in Fighting
 13089 | Lair:3   | Got a jacinth-encrusted scale mail
 13090 | Lair:3   | Identified the +2 scale mail "Tihapt" {+Blink rN+ Str+4
                  | Dex-4} (You found it on level 3 of the Lair of Beasts)
 13339 | Lair:4   | Reached skill level 10 in Shields
 13372 | Lair:4   | Found a staircase to the Shoals.
 13378 | Lair:4   | Reached skill level 18 in Axes
 13836 | Lair:4   | Reached ****** piety under Makhleb
 14483 | Lair:4   | Reached skill level 1 in Throwing
 14625 | Lair:4   | Reached XP level 13. HP: 115/115 MP: 10/12
 14702 | Lair:4   | Found a staircase to the Snake Pit.
 15129 | Lair:5   | Found a staircase to the Slime Pits.
 15129 | Lair:5   | Found a viscous altar of Jiyva.
 15171 | Lair:5   | Found a frozen archway.
 15176 | Lair:5   | Noticed Sonja
 15193 | Lair:5   | Cast into level 1 of the Abyss (Sonja)
 15225 | Abyss:1  | Gained mutation: You are dopey. (Int -2) [a neqoxec]
 15450 | Abyss:1  | Gained mutation: Scrolls take you a little longer to read.
                  | [a neqoxec]
 15472 | Abyss:1  | Noticed a lich
 15474 | Abyss:1  | Noticed a purple draconian
 15493 | Abyss:1  | Killed a purple draconian
 15497 | Abyss:1  | Killed a lich
 15539 | Abyss:1  | Noticed a balrug
 15541 | Abyss:1  | Noticed a hellephant
 15549 | Lair:5   | Escaped the Abyss
 15583 | Lair:5   | Killed Sonja
 15583 | Lair:5   | Reached skill level 19 in Axes
 16224 | Lair:6   | Entered Level 6 of the Lair of Beasts
 16300 | Lair:6   | Reached XP level 14. HP: 127/127 MP: 9/13
 16902 | Lair:6   | Noticed an entropy weaver
 16902 | Lair:6   | Noticed an entropy weaver
 16930 | Lair:6   | Slain by a six-headed hydra

Illustrated notes

Levels and vault maps discovered:
D:1:      minmay_arrival_stair_chambers, layout_loops_ring, corner_web_ring,
          minmay_tripent
D:2:      layout_basic, dk_vineyard_3, uniq_robin, uniq_terence
D:3:      layout_basic, chequers_temple_overflow_minitemple, serial_rivers,
          chequers_serial_rivers_marsh, chequers_serial_rivers_marsh,
          chequers_serial_rivers_micro_d, chequers_serial_rivers_micro_e,
          chequers_serial_rivers_small_b, chequers_serial_rivers_small_3
D:4:      layout_basic, gammafunk_ghost_split, tgw_sif, uniq_sigmund
D:5:      layout_basic, minmay_temple_entry_sparse_star
D:6:      layout_rooms, basic_altar, xom_redecorated
D:7:      layout_basic, uniq_menkaure, uniq_prince_ribbit1
D:8:      layout_rooms, serial_shops, shop, hangedman_abyss_or_decor_lesser_grid
D:9:      layout_basic, marbit_many_paths, david_lair_shrubbed, basic_altar
D:10:     layout_rooms, kennysheep_orc_monster_closet_entryway, uniq_nergalle,
          uniq_snorg
D:11:     layout_roguey
D:12:     layout_rooms, serial_shops, shop_statue,
          nrook_guardian_serpent_ordinary, uniq_erolcha, uniq_urug, uniq_frances
Lair:1:   layout_gridlike, mumra_transporter_accident, uniq_gastronok
Lair:2:   layout_loops_ring
Lair:3:   layout_regular_city, chequers_serial_rivers_micro_b,
          serial_bayou_shore_b, grunt_megastairs_4
Lair:4:   layout_cave_pods, minmay_shoals_entry_beasts,
          minmay_snake_entry_guardpost_large, disabler_island
Lair:5:   layout_roguey, slime_altar_1, portal_ice_cave_entry_pillars_1,
          grunt_forest_large_clearings, infiniplex_staircase_pool_2,
          lemuel_fruit_fields, uniq_sonja
Lair:6:   minmay_lair_end_frog_pond, layout_big_grid, minivault_29,
          lemuel_fruit_fields, serial_bayou_shore_a

Skill      XL: |  1  2  3  4  5  6  7  8  9 10 11 12 13 |
---------------+----------------------------------------+-----
Shields        | 4 5 6 7 8 10 11 | 11.7
Armour         | 4 5 7 8 9 11 12 | 12.1
Fighting       | 4 5 6 8 9 10 12 | 12.9
Axes           | 4 5 6 8 10 12 14 16 18 19 | 19.6
Dodging        | 1 2 3 |  3.1
Throwing       | 1 2 |  2.0
Maces & Flails | |  0.9
Stealth        | |  0.2

Action                   |  1- 3 |  4- 6 |  7- 9 | 10-12 | 13-15 || total
-------------------------+-------+-------+-------+-------+-------++-------
Melee: War axe           |    68 |   130 |   255 |   480 |   324 ||  1257
       Headbutt          |     9 |    21 |    43 |    92 |    55 ||   220
       Dire flail        |       |       |       |       |    12 ||    12
Throw: Stone             |       |       |    12 |     3 |     4 ||    19
       Dart              |       |       |       |     3 |       ||     3
       Boomerang         |       |       |       |     3 |       ||     3
Invok: Minor Destruction |       |       |     1 |     2 |     1 ||     4
       Lesser Servant of |       |       |       |     1 |     1 ||     2
  Use: Potion            |       |     1 |     2 |     9 |    10 ||    22
       Scroll            |       |       |     9 |     9 |     4 ||    22
 Stab: Distracted        |       |       |       |       |     2 ||     2
Armor: Scale mail        |    28 |    50 |    32 |       |       ||   110
       Chain mail        |       |       |    26 |       |       ||    26
       Plate armour      |       |       |    43 |   202 |   193 ||   438
       Skin              |       |       |       |     8 |       ||     8
Dodge: Dodged            |    25 |    36 |    64 |    82 |   114 ||   321
Block: Kite shield       |    37 |    64 |   127 |   215 |   238 ||   681

Table legend: (Time is in decaauts)
 A = Elapsed time spent in this place.
 B = Non-inter-level travel time spent in this place.
 C = Inter-level travel time spent in this place.
 D = Time resting spent in this place.
 E = Time spent auto-exploring this place.
 F = Levels seen in this place.
 G = Mean time per level.
                   A        B        C        D        E       F      G
               +--------+--------+--------+--------+--------+-----+--------+
         Total |  16873 |  16191 |    682 |   4495 |   8846 |  19 |  888.1 |
       Dungeon |  10189 |   9668 |    521 |   2132 |   5948 |  12 |  849.1 |
          Lair |   6341 |   6180 |    161 |   2253 |   2805 |   6 | 1056.8 |
         Abyss |    342 |    342 |      0 |    110 |     93 |   1 |  342.0 |
               +--------+--------+--------+--------+--------+-----+--------+

Top non-repeatable levels by time:
  Lair:4: 1761 daAuts
     D:5: 1271 daAuts
     D:4: 1160 daAuts
  Lair:5: 1160 daAuts
    D:11: 1137 daAuts
  Lair:1: 1056 daAuts
     D:7: 1016 daAuts
  Lair:2: 975 daAuts
     D:3: 934 daAuts
     D:9: 929 daAuts
     D:2: 915 daAuts
  Lair:3: 908 daAuts
     D:1: 896 daAuts
     D:6: 867 daAuts
     D:8: 633 daAuts
